 Dungeon Crawl Stone Soup version 0.28-b1-25-g9875b3fc8c (webtiles) character file.

Game seed: 15947874902207711201

434 Fingolfin the Skirmisher (level 7, -3/46 HPs)
             Began as a Gargoyle Fighter on Feb 2, 2022.
             Was a Believer of Lugonu.
             Slain by an ogre (4 damage)
             ... on level 5 of the Dungeon.
             The game lasted 00:11:12 (4206 turns).

Fingolfin the Skirmisher (Gargoyle Fighter)         Turns: 4206, Time: 00:11:13

Health: -3/46      AC: 17    Str: 19    XL:     7   Next: 0%
Magic:  6/7        EV:  7    Int: 11    God:    Lugonu [**....]
Gold:   304        SH:  4    Dex:  9    Spells: 6/6 levels left

rFire   . . .      SeeInvis .   a - +0 flail
rCold   . . .      Faith    .   c - +0 buckler
rNeg    + . .      Spirit   .   p - +0 shadow dragon scales
rPois   ∞          Reflect  .   k - +0 helmet
rElec   +          Harm     .   (no cloak)
rCorr   .          Rampage  .   (no gloves)
Will    .....                   (no boots)
Stlth   ++........              (no amulet)
HPRegen 0.15/turn               (no ring)
MPRegen 0.10/turn               (no ring)

@: no status effects
A: sickness immunity, AC +4, negative energy resistance 1, electricity
resistance, torment resistance 1, petrification resistance
a: Renounce Religion, Depart the Abyss, Bend Space


You were on level 5 of the Dungeon.
You worshipped Lugonu.
Lugonu was pleased with you.
You visited 2 branches of the dungeon, and saw 6 of its levels.

You collected 304 gold pieces.

Inventory:

Hand Weapons
 a - a +0 flail (weapon)
 x - the +9 staff of Wucad Mu {*channel}
   (You found it on level 4 of the Dungeon)

   It occasionally powers its wielder's spells, but with a chance of causing
   confusion or draining the wielder's intelligence.
   It becomes more likely to activate and less likely to backfire with increased
   Evocations skill.
Missiles
 f - 3 atropa-tipped darts (quivered)
 i - 131 stones
 j - 33 arrows
 n - 2 boomerangs
 s - 9 poisoned darts
 v - 2 throwing nets
 w - 22 bolts
 z - 5 javelins
Armour
 b - a +0 scale mail
 c - a +0 buckler (worn)
 k - a +0 helmet (worn)
 p - +0 shadow dragon scales (worn)
Wands
 B - a wand of iceblast (8)
Scrolls
 e - 3 scrolls of amnesia {unknown}
 l - 2 scrolls of teleportation {unknown}
 m - 3 scrolls of identify {unknown}
 o - a scroll of enchant weapon {unknown}
 r - a scroll of fog {unknown}
 A - a scroll of holy word {unknown}
Potions
 d - a potion of might
 g - 2 potions of attraction {unknown}
 h - 5 potions of curing {unknown}
 q - 2 potions of heal wounds {unknown}
 t - a potion of invisibility {unknown}
 u - 2 potions of haste {unknown}


   Skills:
 - Level 6.0 Fighting
 * Level 5.6 Maces & Flails
 + Level 3.2 Armour
 + Level 0.0 Dodging
 + Level 3.2 Shields
 + Level 0.0 Invocations
 + Level 0.0 Evocations


You had 6 spell levels left.
You didn't know any spells.
Your spell library contained the following spells:

 Spells                   Type           Power      Damage    Failure   Level
 Beastly Appendage        Tmut           0%         N/A       99%         1
 Wereblood                Tmut           0%         N/A       100%        2
 Spider Form              Tmut/Pois      0%         N/A       100%        3


Dungeon Overview and Level Annotations

Branches:
Dungeon (5/15)             Temple (1/1) D:4

Altars:
Dithmenos
Fedhas
Hepliaklqana
Makhleb
Okawaru
Qazlal
Ru
Vehumet
Xom
Yredelemnul
The Shining One
Lugonu

Annotations:
D:4 3 runed translucent doors, gaukoo's ghost, amateur HOAK


Innate Abilities, Weirdness & Mutations

You are immune to sickness and miasma.
Your stone body is resilient. (AC +4)
You are immune to poison.
You resist negative energy. (rN+)
You are resistant to electric shocks. (rElec)
You are resistant to unholy torment.
You are immune to petrification.


Message History

The ogre is lightly wounded.
You barely miss the ogre.
The ogre is lightly wounded.
The ogre hits you with a +0 giant club!
You barely miss the ogre.
The ogre is lightly wounded.
The ogre hits you with a +0 giant club.
You barely miss the ogre.
The ogre is lightly wounded.
The ogre hits you with a +0 giant club!
You hit the ogre.
The ogre is lightly wounded.
The ogre hits you but does no damage.
You sock the ogre!
The ogre is heavily wounded.
The ogre hits you with a +0 giant club!!
* * * LOW HITPOINT WARNING * * *
Okay, then.
There is a stone staircase leading up here.
Found 9 gold pieces.
Okay, then.
Found a scroll labelled XITTEO SYNIDANT.
Okay, then.
Okay, then.
Okay, then.
Okay, then.
Unknown command.
Space bends around you!
You blink.
Aiming: Iceblast
Press: ? - help, Shift-Dir - straight line, f - ogre
Aim: an ogre, wielding a +0 giant club (heavily wounded)
The mass of ice explodes!
The iceblast engulfs the ogre!
The ogre is severely wounded.
You hear a shout! x2
Aiming: Iceblast
Press: ? - help, Shift-Dir - straight line, p - ogre The mass of ice explodes!
The iceblast engulfs the ogre.
The ogre is almost dead.
The ogre hits you with a +0 giant club.
You die...

########
#..@?..#
#..O####
#..$...#
#....###
#....#
#....#
#....#
#####....#
.........#


You could see an ogre.

Vanquished Creatures
  Sigmund (D:4)
  2 hounds
  2 orc priests (D:4)
  A scorpion zombie (D:4)
  3 gnolls (D:4)
  5 adders
  A dart slug (D:2)
  3 orcs
  5 ball pythons
  3 endoplasms
  A giant cockroach (D:4)
  8 goblins
  7 hobgoblins
  3 quokkas
  3 bats
  4 frilled lizards
  7 kobolds
  2 rats
61 creatures vanquished.

Notes
Turn   | Place    | Note
-------+----------+-------------------------------------------
     0 | D:1      | Fingolfin the Gargoyle Fighter began the quest for the Orb.
     0 | D:1      | Reached XP level 1. HP: 14/14 MP: 1/1
   582 | D:1      | Reached XP level 2. HP: 18/19 MP: 2/2
  1072 | D:2      | Reached XP level 3. HP: 22/23 MP: 3/3
  1203 | D:2      | Reached XP level 4. HP: 24/28 MP: 4/4
  1937 | D:3      | Found a faded altar of an unknown god.
  1952 | D:3      | Prayed at the altar of an unknown god.
  1952 | D:3      | Became a worshipper of Lugonu the Unformed
  1952 | D:3      | Reached * piety under Lugonu
  1952 | D:3      | Reached ** piety under Lugonu
  2040 | D:3      | Found a glowing golden altar of the Shining One.
  2372 | D:4      | Found a runed translucent gate.
  2372 | D:4      | Found a runed translucent gate.
  2372 | D:4      | Noticed a kobold brigand
  2372 | D:4      | Noticed gaukoo's ghost (amateur HOAK)
  2373 | D:4      | Found a runed translucent gate.
  2455 | D:4      | Found the +9 staff of Wucad Mu {*channel}
  2476 | D:4      | Reached skill level 4 in Fighting
  2476 | D:4      | Reached XP level 5. HP: 30/33 MP: 5/5
  2486 | D:4      | Noticed Sigmund
  2512 | D:4      | Killed Sigmund
  2513 | D:4      | Reached skill level 5 in Fighting
  2513 | D:4      | Reached skill level 5 in Maces & Flails
  2513 | D:4      | Reached XP level 6. HP: 25/40 MP: 6/6
  3642 | D:4      | Found a staircase to the Ecumenical Temple.
  3656 | Temple   | Entered the Ecumenical Temple
  3795 | D:4      | Reached skill level 6 in Fighting
  3795 | D:4      | Reached XP level 7. HP: 45/46 MP: 7/7
  4179 | D:5      | Entered Level 5 of the Dungeon
  4189 | D:5      | HP: 1/46 [ogre (19)]
  4206 | D:5      | Slain by an ogre

Illustrated notes

Levels and vault maps discovered:
D:1:      evilmike_arrival_crescent, layout_loops_corners
D:2:      layout_loops_cross
D:3:      layout_rooms, mainiacjoe_overflow_brackets,
          shapermc_ecumenical_altar_totnotflames
D:4:      layout_gridville, minmay_temple_entry_drinking_statues,
          gammafunk_ghost_nasty_kobolds, st_stairs_13, kennysheep_flooded_box,
          uniq_sigmund
D:5:      layout_basic, nicolae_gozag_cash_rules_everything_around_me
Temple:   compressed_dpeg_circular_temple

Skill      XL: |  1  2  3  4  5  6 |
---------------+-------------------+-----
Maces & Flails | 3 4 5 |  5.6
Fighting       | 4 5 6 |  6.0
Armour         | |  3.2
Shields        | |  3.2

Action                   |  1- 3 |  4- 6 |  7- 9 || total
-------------------------+-------+-------+-------++-------
Melee: Flail             |    67 |   161 |     6 ||   234
Invok: Bend Space        |       |       |     1 ||     1
Evoke: Wand              |       |       |     2 ||     2
  Use: Potion            |       |     1 |       ||     1
 Stab: Sleeping          |       |     8 |       ||     8
Armor: Scale mail        |    41 |     9 |       ||    50
       Shadow dragon sca |       |    72 |     1 ||    73
Dodge: Dodged            |    26 |    56 |     1 ||    83
Block: Buckler           |    12 |    24 |       ||    36
